 Dungeon Crawl Stone Soup version 0.28.0 (webtiles) character file.

Game seed: 4572301374173399707

3117 browni3141 the Cleaver (level 9, -4/123 HPs)
             Began as a Minotaur Berserker on Feb 17, 2022.
             Was a Priest of Trog.
             Slain by a phantasmal warrior (8 damage)
             ... led by a death knight
             ... on level 8 of the Dungeon.
             The game lasted 00:03:26 (7842 turns).

browni3141 the Cleaver (Minotaur Berserker)         Turns: 7842, Time: 00:03:26

Health: -4/123     AC: 10    Str: 25    XL:     9   Next: 60%
Magic:  8/8        EV:  8    Int:  4    God:    Trog [***...]
Gold:   374        SH:  5    Dex: 11    Spells: 8/8 levels left

rFire   . . .      SeeInvis .   m - +2 hand axe (flame)
rCold   . . .      Faith    .   t - +0 buckler
rNeg    . . .      Spirit   .   u - +0 chain mail
rPois   +          Reflect  .   (helmet restricted)
rElec   .          Harm     .   (no cloak)
rCorr   .          Rampage  .   (no gloves)
Will    .....                   (no boots)
Stlth   ..........              (no amulet)
HPRegen 0.30/turn               M - ring of willpower
MPRegen 0.11/turn               P - ring of poison resistance {@f3}

@: berserking (expiring), weak-willed, slowed
A: horns 2, retaliatory headbutt
a: Renounce Religion, Berserk, Trog's Hand


You were on level 8 of the Dungeon.
You worshipped Trog.
Trog was most pleased with you.
You visited 1 branch of the dungeon, and saw 8 of its levels.

You collected 374 gold pieces.


Innate Abilities, Weirdness & Mutations

You have a pair of horns on your head.
You reflexively headbutt those who attack you in melee.


   Skills:
 + Level 8.3 Fighting
 * Level 11.2 Axes
 + Level 7.8 Armour
 - Level 2.1 Dodging
 + Level 5.8 Shields


You had 8 spell levels left.
You didn't know any spells.
Your spell library was empty.

Inventory:

Hand Weapons
 a - a +0 hand axe
 m - a +2 hand axe of flaming (weapon)
Armour
 b - a +0 animal skin
 o - a scarf of shadows
 t - a +0 buckler (worn)
 u - a +0 chain mail (worn)
 B - a scarf of invisibility
Jewellery
 M - a ring of willpower (left hand)
 N - a ring of positive energy
 P - a ring of poison resistance (right hand) {@f3}
Wands
 x - a wand of flame (5)
 y - a wand of iceblast (2)
Scrolls
 d - a scroll of enchant weapon {unknown}
 e - 3 scrolls of fog {unknown}
 f - a scroll of holy word {unknown}
 g - 3 scrolls of blinking {unknown}
 h - 7 scrolls of identify {unknown}
 i - a scroll of summoning {unknown}
 l - 3 scrolls of enchant armour {unknown}
 n - a scroll of magic mapping {unknown}
 p - a scroll of silence {unknown}
 r - 3 scrolls of teleportation {unknown}
 v - a scroll of immolation {unknown}
 A - a scroll of brand weapon {unknown}
 E - a scroll of vulnerability {unknown}
Potions
 c - 2 potions of haste {@q3}
 j - a potion of attraction {unknown}
 k - a potion of heal wounds {unknown}
 q - 2 potions of mutation {unknown}
 s - a potion of degeneration {unknown}
 w - a potion of magic {unknown}
 z - 2 potions of curing {unknown}
 C - a potion of resistance {unknown}
 D - a potion of brilliance {unknown}

Dungeon Overview and Level Annotations

Branches:
Dungeon (8/15)             Temple (0/1) D:5
   Lair: D:8-11

Altars:
Cheibriados
Elyvilon
Nemelex Xobeh
Sif Muna
Zin

####+#######
#..........#
#....W.....#
#...@W.....+
#...pW.....#
#..........#
#..........#
####.##.####
#.. .# +..
>. #.. .##
#. .#


You could see a death knight, a phantasmal warrior, a freezing wraith and a
wraith.


Message History

* * * LOW HITPOINT WARNING * * *
Unknown command.
You hit the death knight. You burn the death knight.
The death knight is lightly wounded.
You hit the freezing wraith. You burn the freezing wraith.
You hit the wraith but do no damage. You barely miss the phantasmal warrior.
The wraith completely misses you.
The phantasmal warrior hits you but does no damage.
Unknown command.
You slash the death knight! You burn the death knight.
The death knight is moderately wounded.
You slash the phantasmal warrior! You burn the phantasmal warrior.
You slash the wraith! You burn the wraith.
You destroy the wraith!
Trog accepts your kill.
You closely miss the freezing wraith.
The death knight hits you with a +1 halberd!
* * * LOW HITPOINT WARNING * * *
The phantasmal warrior hits you but does no damage.
Unknown command.
You closely miss the death knight.
The death knight is moderately wounded.
You hit the phantasmal warrior. You burn the phantasmal warrior.
You hit the freezing wraith but do no damage.
The freezing wraith hits you but does no damage.
You block the freezing wraith's attack.
The death knight hits you with a +1 halberd.
* * * LOW HITPOINT WARNING * * *
The phantasmal warrior hits you!
You die...

Skill      XL: |  1  2  3  4  5  6  7  8  9 |
---------------+----------------------------+-----
Axes           | 4 5 6 7 8 10 11 | 11.2
Fighting       | 4 5 6 7 8 |  8.3
Armour         | 3 4 5 6 7 |  7.8
Shields        | 3 4 5 |  5.8
Dodging        | |  2.1

Action                   |  1- 3 |  4- 6 |  7- 9 || total
-------------------------+-------+-------+-------++-------
Melee: Hand axe          |    73 |   104 |   195 ||   372
       Headbutt          |     9 |    14 |    31 ||    54
       Punch             |     1 |       |       ||     1
Invok: Berserk           |     1 |     2 |     5 ||     8
Armor: Animal skin       |    15 |    11 |       ||    26
       Chain mail        |       |    17 |    94 ||   111
Dodge: Dodged            |    45 |    54 |    75 ||   174
Block: Buckler           |       |     6 |    31 ||    37

Levels and vault maps discovered:
D:1:      sevenhm_arrival_forest_fort_large_2, layout_loops_ring,
          ebering_ecumenical_altar_abandoned, minmay_pentomino_o2
D:2:      layout_loops_ring, minivault_14, grunt_decor_resistance,
          minmay_circle_x
D:3:      layout_rooms, mainiacjoe_overflow_catwalk
D:4:      layout_rooms, kennysheep_little_box, uniq_edmund, uniq_blork_the_orc,
          uniq_natasha
D:5:      layout_cave_pools, slow_altar_2, minmay_temple_entry_offerings
D:6:      layout_gridville, zin_scriptorium, nemelex_spade_bored_becter
D:7:      layout_gridville
D:8:      layout_basic, st_stairs_4, uniq_grum, uniq_maggie

Notes
Turn   | Place    | Note
-------+----------+-------------------------------------------
     0 | D:1      | browni3141 the Minotaur Berserker began the quest for the
                  | Orb.
     0 | D:1      | Reached XP level 1. HP: 19/19 MP: 0/0
   381 | D:1      | Reached skill level 4 in Axes
   382 | D:1      | Reached XP level 2. HP: 22/27 MP: 1/1
   887 | D:1      | Reached skill level 4 in Fighting
  1350 | D:1      | Reached XP level 3. HP: 33/33 MP: 2/2
  1435 | D:1      | Found a faded altar of an unknown god.
  1464 | D:1      | Reached skill level 3 in Armour
  1555 | D:1      | Reached ** piety under Trog
  1693 | D:2      | Reached skill level 5 in Axes
  1693 | D:2      | Reached XP level 4. HP: 25/40 MP: 3/3
  2330 | D:2      | Reached XP level 5. HP: 36/47 MP: 4/4
  3013 | D:3      | Reached skill level 6 in Axes
  3013 | D:3      | Reached skill level 4 in Armour
  3302 | D:3      | Found a white marble altar of Elyvilon.
  3476 | D:3      | Reached skill level 5 in Fighting
  3476 | D:3      | Reached XP level 6. HP: 44/56 MP: 5/5
  3902 | D:4      | Noticed Edmund
  3904 | D:4      | Noticed Natasha
  3912 | D:4      | Killed Edmund
  3913 | D:4      | Reached skill level 7 in Axes
  3917 | D:4      | Killed Natasha
  3920 | D:4      | Noticed Natasha
  3931 | D:4      | Killed Natasha
  3931 | D:4      | Reached *** piety under Trog
  4352 | D:4      | Noticed Natasha
  4362 | D:4      | Killed Natasha
  4363 | D:4      | Reached XP level 7. HP: 22/62 MP: 6/6
  4609 | D:4      | Found a shimmering blue altar of Sif Muna.
  4679 | D:4      | Noticed Blork the orc
  4688 | D:4      | Killed Blork the orc
  4689 | D:4      | Reached skill level 5 in Armour
  4689 | D:4      | Reached skill level 1 in Shields
  4812 | D:5      | Entered Level 5 of the Dungeon
  4876 | D:5      | Found a snail-covered altar of Cheibriados.
  4934 | D:5      | Reached skill level 6 in Fighting
  4999 | D:5      | Reached skill level 8 in Axes
  4999 | D:5      | Reached skill level 2 in Shields
  5007 | D:5      | Found a staircase to the Ecumenical Temple.
  5098 | D:5      | Noticed a shadow
  5105 | D:5      | Killed a shadow
  5106 | D:5      | Reached skill level 3 in Shields
  5106 | D:5      | Reached XP level 8. HP: 71/71 MP: 7/7
  5429 | D:6      | Reached skill level 6 in Armour
  5479 | D:6      | Found a sparkling altar of Nemelex Xobeh.
  5620 | D:6      | Found a glowing silver altar of Zin.
  5637 | D:6      | Reached skill level 9 in Axes
  5864 | D:6      | Reached skill level 7 in Fighting
  5865 | D:6      | Reached skill level 4 in Shields
  6385 | D:6      | Reached skill level 10 in Axes
  6385 | D:6      | Reached XP level 9. HP: 61/79 MP: 8/8
  6873 | D:7      | Reached skill level 7 in Armour
  7036 | D:7      | Reached skill level 5 in Shields
  7167 | D:7      | Reached skill level 8 in Fighting
  7553 | D:7      | Reached **** piety under Trog
  7659 | D:7      | Reached skill level 11 in Axes
  7826 | D:8      | Noticed a death knight
  7831 | D:8      | Noticed a phantasmal warrior
  7833 | D:8      | Noticed a freezing wraith
  7841 | D:8      | HP: 7/121 [death knight (9)]
  7842 | D:8      | Slain by a phantasmal warrior

Vanquished Creatures
  A shadow (D:5)
  A wyvern (D:6)
  A wraith (D:8)
  Edmund (D:4)
  2 water moccasins
  2 sky beasts
  An orc warrior (D:7)
  A black bear (D:5)
  A necrophage (D:6)
  A centaur (D:7)
  3 ogres
  2 phantoms
  Blork the orc (D:4)
  2 bullfrogs
  A wyvern zombie (D:6)
  A gnoll sergeant (D:7)
  2 water moccasin zombies
  A scorpion (D:5)
  A water moccasin skeleton (D:5)
  2 howler monkeys
  A centaur zombie (D:6)
  3 orc priests
  2 hounds (D:6)
  A bullfrog skeleton (D:7)
  4 centaur skeletons (D:7)
  2 iguanas
  3 orc wizards
  Natasha (thrice) (D:4)
  A killer bee zombie (D:6)
  4 gnolls (D:7)
  11 adders
  A white imp (D:8)
  2 worms
  2 dart slugs
  14 orcs
  6 ball pythons
  9 endoplasms
  6 giant cockroaches
  13 hobgoblins
  4 jackals (D:3)
  5 kobolds
  3 quokkas
  6 bats
  3 frilled lizards
  8 goblins
  7 rats
152 creatures vanquished.

Table legend: (Time is in decaauts)
 A = Elapsed time spent in this place.
 B = Non-inter-level travel time spent in this place.
 C = Inter-level travel time spent in this place.
 D = Time resting spent in this place.
 E = Time spent auto-exploring this place.
 F = Levels seen in this place.
 G = Mean time per level.
                   A        B        C        D        E       F      G
               +--------+--------+--------+--------+--------+-----+--------+
         Total |   7890 |   7601 |    289 |   1038 |   5619 |   8 |  986.2 |
       Dungeon |   7890 |   7601 |    289 |   1038 |   5619 |   8 |  986.2 |
               +--------+--------+--------+--------+--------+-----+--------+

Top non-repeatable levels by time:
     D:1: 1677 daAuts
     D:6: 1513 daAuts
     D:2: 1394 daAuts
     D:3: 1113 daAuts
     D:7: 958 daAuts
     D:4: 658 daAuts
     D:5: 558 daAuts
     D:8: 16 daAuts

Table legend:
 A = Non-vault XP
 B = Vault XP
 C = Vault XP percentage of total XP
 D = Non-vault monster count
 E = Vault monster count
 F = Vault count percentage of total count
                 A         B        C        D         E       F
            +---------+---------+-------+---------+---------+-------
      Total |    4102 |     351 |   7.9 |     137 |      15 |   9.9
            +---------+---------+-------+---------+---------+-------
        D:1 |      45 |       3 |   6.2 |      25 |       2 |   7.4
        D:2 |     141 |      37 |  20.8 |      17 |       9 |  34.6
        D:3 |     194 |       0 |   0.0 |      25 |       0 |   0.0
        D:4 |     135 |     306 |  69.4 |      16 |       3 |  15.8
        D:5 |     764 |       5 |   0.7 |       8 |       1 |  11.1
        D:6 |    1194 |       0 |   0.0 |      14 |       0 |   0.0
        D:7 |    1417 |       0 |   0.0 |      30 |       0 |   0.0
        D:8 |     212 |       0 |   0.0 |       2 |       0 |   0.0
            +---------+---------+-------+---------+---------+-------
